 Dungeon Crawl Stone Soup version 0.27.0-1-g7a089689b8 (webtiles) character file.

Game seed: 14528046902003412876

6619 KamiKatze the Blocker (level 11, 0/58 HPs)
             Began as a Vine Stalker Fighter on Aug 2, 2021.
             Was a Priest of Uskayaw.
             Slain by a kobold brigand (4 damage)
             ... on level 8 of the Dungeon.
             The game lasted 00:22:32 (6654 turns).

KamiKatze the Blocker (Vine Stalker Fighter)        Turns: 6654, Time: 00:22:33

Health: 0/58       AC: 14    Str: 21    XL:     11   Next: 2%
Magic:  0/14       EV:  8    Int: 14    God:    Uskayaw [***...]
Gold:   409        SH: 12    Dex: 15    Spells: 10/10 levels left

rFire    . . .     SeeInvis .   v - +5 rapier of the Exiled Dances {vorpal, *Corrode rElec Will+ Int+6}
rCold    . . .     Faith    +   c - +0 kite shield
rNeg     . . .     Spirit   +   b - +0 scale mail
rPois    +         Reflect  .   (no helmet)
rElec    +         Harm     .   h - +0 cloak
rCorr    .         Rampage  .   (no gloves)
Will     ++...                  g - +0 pair of boots
Stlth    ..........             H - amulet of faith
HPRegen  1.19/turn              q - ring of poison resistance
MPRegen  0.14/turn              C - +4 ring of protection

@: no status effects
A: fangs 3, regeneration 1, magic shield, antimagic bite, no potion heal 2
a: Renounce Religion, Stomp, Line Pass


You were on level 8 of the Dungeon.
You worshipped Uskayaw.
Uskayaw was noncommittal.
You visited 2 branches of the dungeon, and saw 10 of its levels.

You collected 409 gold pieces.

Inventory:

Hand Weapons
 a - a +0 rapier
 v - the +5 rapier of the Exiled Dances (weapon) {vorpal, *Corrode rElec Will+ Int+6}
   (You found it on level 4 of the Dungeon)

   It inflicts extra damage upon your enemies.
   Int:       It affects your intelligence (+6).
   rElec:     It insulates you from electricity.
   *Corrode:  It may corrode you when you take damage.
   Will:      It increases your willpower.
 I - a +0 vampiric falchion
Missiles
 r - 6 datura-tipped darts
 y - 6 atropa-tipped darts
 D - 47 poisoned darts (quivered)
Armour
 b - a +0 scale mail (worn)
 c - a +0 kite shield (worn)
 e - a +2 tower shield
 g - a +0 pair of boots (worn)
 h - a +0 cloak (worn)
Magical Staves
 k - a staff of earth
 m - a staff of conjuration
Jewellery
 q - a ring of poison resistance (left hand)
 C - a +4 ring of protection (right hand)
 H - an amulet of faith (around neck)
Wands
 z - a wand of polymorph (7)
 K - a wand of flame (21)
 L - a wand of digging (7)
 O - a wand of mindburst (8)
 R - a wand of iceblast (5)
Scrolls
 f - 2 scrolls of enchant weapon {unknown}
 j - 2 scrolls of enchant armour {unknown}
 n - 8 scrolls of immolation
 o - 6 scrolls of teleportation {unknown}
 p - 2 scrolls of silence {unknown}
 s - a scroll of blinking {unknown}
 A - a scroll of brand weapon {unknown}
 G - 2 scrolls of identify
 J - a scroll of acquirement {unknown}
 M - a scroll of magic mapping {unknown}
 P - a scroll of vulnerability {unknown}
 Q - a scroll of amnesia {unknown}
Potions
 d - 2 potions of might
 i - a potion of invisibility
 l - 3 potions of lignification
 t - a potion of curing
 u - 2 potions of attraction
 w - a potion of flight
 x - a potion of ambrosia
 B - a potion of magic
 E - a potion of haste
 F - a potion of mutation
 N - 2 potions of berserk rage


   Skills:
 + Level 6.5 Fighting
 * Level 8.8 Short Blades
 + Level 6.0 Armour
 * Level 9.1 Shields
 + Level 2.8 Invocations


You had 10 spell levels left.
You didn't know any spells.
Your spell library contained the following spells:

 Spells                   Type           Power      Damage    Failure   Level
 Magic Dart               Conj           0%         1d3       83%         1
 Sting                    Tmut/Pois      0%         1d3       83%         1
 Call Imp                 Summ           0%         N/A       93%         2
 Corpse Rot               Necr/Air       N/A        N/A       93%         2
 Passwall                 Tmut/Erth      0%         N/A       93%         2
 Poisonous Vapours        Pois/Air       0%         N/A       93%         2
 Mephitic Cloud           Conj/Pois/Air  0%         N/A       99%         3
 Portal Projectile        Hex/Tloc       0%         N/A       99%         3
 Swiftness                Air            0%         N/A       99%         3
 Olgreb's Toxic Radiance  Pois           0%         N/A       100%        4
 Petrify                  Tmut/Erth      0%         N/A       100%        4
 Freezing Cloud           Conj/Ice/Air   0%         6-21      100%        5
 Metabolic Englaciation   Hex/Ice        0%         N/A       100%        5
 Invisibility             Hex            0%         N/A       100%        6
 Starburst                Conj/Fire      0%         8x6d3     100%        6
 Statue Form              Tmut/Erth      0%         N/A       100%        6
 Ignition                 Fire           0%         3d3       100%        8
 Chain Lightning          Conj/Air       0%         N/A       100%        9
 Fire Storm               Conj/Fire      0%         5d1       100%        9


Dungeon Overview and Level Annotations

Branches:
Dungeon (9/15)             Temple (1/1) D:5
   Lair: D:8-11         Orc: D:9-12

Altars:
Ashenzari
Cheibriados
Dithmenos
Elyvilon
Gozag
Hepliaklqana
Kikubaaqudgha
Makhleb
Nemelex Xobeh
Okawaru
Qazlal
Ru
Sif Muna
Trog
Uskayaw
Vehumet
Wu Jian
Xom
Yredelemnul
Zin
The Shining One
Jiyva

Shops:
D:4 *   D:5 *

Annotations:
D:5 1 runed translucent door, exclusion: door, Descartes's ghost, amateur FeMo
D:8 3 runed translucent doors, exclusion: 3 doors, Neremis's ghost, novice GrFi


Innate Abilities, Weirdness & Mutations

You have razor-sharp teeth.
Your natural rate of healing is unusually fast.
When hurt, damage is shared between your health and your magic reserves.
Your bite disrupts and absorbs the magic of your enemies.
Potions cannot restore your health.


Message History

The kobold brigand hits you but does no damage.
Unknown command.
You barely miss the two-headed ogre. You bite the two-headed ogre.
You drain its power.
You feel invigorated.
The two-headed ogre is heavily wounded.
You block the kobold brigand's attack.
You can now pass through a line of other dancers.
Unknown command.
You hit the two-headed ogre. Your bite misses the two-headed ogre.
The two-headed ogre is heavily wounded.
You block the kobold brigand's attack.
The two-headed ogre hits you with a +0 giant spiked club!
* * * LOW HITPOINT WARNING * * *
You block the two-headed ogre's attack.
The kobold brigand hits you but does no damage.
You puncture the two-headed ogre!
The two-headed ogre is almost dead.
You block the kobold brigand's attack. x2
The two-headed ogre barely misses you.
The two-headed ogre hits you with a +0 giant club!
* * * LOW HITPOINT WARNING * * *
Uskayaw will force your foes to helplessly watch your dance.
Uskayaw prepares the audience for your solo!
The helpless two-headed ogre fails to defend itself.
You impale the two-headed ogre!!
You kill the two-headed ogre!
The kobold brigand is no longer paralysed.
The kobold brigand hits you but does no damage.
Your Armour skill increases to level 6!
Your Shields skill increases to level 9!
You have reached level 11!
The helpless kobold brigand fails to defend itself.
You impale the kobold brigand!!
You bite the kobold brigand, but do no damage.
The kobold brigand is severely wounded.
The kobold brigand is no longer paralysed.
The kobold brigand hits you with a +0 dagger.
* * * LOW HITPOINT WARNING * * *
The kobold brigand hits you with a +0 dagger.
You die...

#.# #######.######
#............###########
##.##..#.####.##........#
..........###.##.######.#
##............>.....# #.#
#........###.##.##.# #.#
####.##.## #.##K##.# #.#
#.##.####.##@##.###.#
#.........##)K......#
####'##########.#####
##...## #.## ##.....##
##..## # ##.......##
##....#
####.........####....##
...'.........'.......##
####.........####[....#


You could see 2 kobold brigands.

Vanquished Creatures
  A two-headed ogre (D:8)
  Joseph (D:8)
  Grinder (D:4)
  2 hornets
  Sigmund (D:6)
  3 wyverns
  4 yaks (D:7)
  2 humans (D:9)
  A vampire (D:9)
  A steam dragon (D:7)
  2 water moccasins
  3 orc warriors
  2 hornet zombies
  3 ogres
  8 centaurs
  A phantom (D:6)
  A kobold brigand (D:7)
  A bullfrog (D:7)
  A wyvern zombie (D:6)
  4 scorpions
  6 killer bees (D:8)
  4 howler monkeys (D:7)
  2 electric eels (D:6)
  2 bullfrog zombies (D:6)
  4 orc priests
  Crazy Yiuf (D:4)
  2 gnoll shamans
  2 hounds
  3 bullfrog skeletons (D:5)
  A centaur skeleton (D:2)
  Terence (D:3)
  2 orc wizards
  Ijyb (D:5)
  A hound skeleton (D:5)
  A howler monkey zombie (D:9)
  7 gnolls
  8 adders
  A shadow imp (D:7)
  A white imp (D:6)
  A worm (D:3)
  4 dart slugs
  18 orcs
  4 endoplasms
  3 giant cockroaches
  8 goblins
  3 hobgoblins
  A jackal (D:2)
  8 kobolds
  8 quokkas
  4 ball pythons
  2 bats
  2 frilled lizards
  6 rats
165 creatures vanquished.

Vanquished Creatures (others)
  An orc wizard (D:9)
  13 plants (D:6)
  2 withered plants (D:5)
16 creatures vanquished.

Grand Total: 181 creatures vanquished

Notes
Turn   | Place    | Note
-------+----------+-------------------------------------------
     0 | D:1      | KamiKatze the Vine Stalker Fighter began the quest for the
                  | Orb.
     0 | D:1      | Reached XP level 1. HP: 11/11 MP: 2/2
    38 | D:1      | Reached XP level 2. HP: 16/16 MP: 3/3
    45 | D:1      | Got Sif Muna's Grimoire of the Quantum Blaze
    47 | D:1      | Found a faded altar of an unknown god.
    83 | D:1      | Reached skill level 3 in Shields
   231 | D:1      | Reached XP level 3. HP: 11/19 MP: 4/4
   847 | D:2      | Gained mutation: Your natural rate of healing is unusually
                  | fast. [Vine Stalker growth]
   847 | D:2      | Reached XP level 4. HP: 22/24 MP: 5/5
   941 | D:2      | Reached XP level 5. HP: 25/28 MP: 6/6
  1745 | D:3      | Noticed Terence
  1775 | D:3      | Killed Terence
  1776 | D:3      | Reached skill level 4 in Shields
  1776 | D:3      | Reached XP level 6. HP: 24/32 MP: 4/7
  2170 | D:4      | Found Tenoc's General Store.
  2171 | D:4      | You fall into a shaft and drop 1 floor!
  2171 | D:5      | Entered Level 5 of the Dungeon
  2286 | D:4      | Noticed Grinder
  2311 | D:4      | Killed Grinder
  2312 | D:4      | Reached XP level 7. HP: 25/37 MP: 3/8
  2371 | D:4      | Found a bloodstained altar of Trog.
  2390 | D:4      | Found a runed translucent door.
  2391 | D:4      | Noticed Crazy Yiuf
  2399 | D:4      | Killed Crazy Yiuf
  2473 | D:4      | Identified the +5 rapier of the Exiled Dances {vorpal,
                  | *Corrode rElec Will+ Int+6}
  2774 | D:4      | Found a broken altar of Ashenzari.
  2905 | D:5      | Reached skill level 5 in Shields
  2953 | D:5      | Found a runed translucent door.
  2953 | D:5      | Noticed Descartes's ghost (amateur FeMo)
  3049 | D:5      | Noticed Ijyb
  3059 | D:5      | Killed Ijyb
  3060 | D:5      | Gained mutation: You have razor-sharp teeth. [Vine Stalker
                  | growth]
  3060 | D:5      | Reached XP level 8. HP: 42/42 MP: 9/9
  3094 | D:5      | Found an opulent altar of Gozag.
  3191 | D:5      | Reached skill level 5 in Short Blades
  3271 | D:5      | Found a staircase to the Ecumenical Temple.
  3280 | Temple   | Entered the Ecumenical Temple
  3290 | Temple   | Became a worshipper of Uskayaw the Reveller
  3398 | D:5      | Found Lazud's Gadget Gallery.
  3624 | D:5      | Reached * piety under Uskayaw
  3754 | D:5      | Reached ** piety under Uskayaw
  3830 | D:6      | Reached *** piety under Uskayaw
  3837 | D:6      | Reached **** piety under Uskayaw
  3865 | D:6      | Reached skill level 6 in Shields
  3979 | D:6      | Found a shadowy altar of Dithmenos.
  4471 | D:6      | Reached XP level 9. HP: 46/46 MP: 10/10
  4475 | D:6      | Noticed Sigmund
  4483 | D:6      | Killed Sigmund
  4484 | D:6      | Reached skill level 5 in Fighting
  4740 | D:7      | Reached ***** piety under Uskayaw
  4756 | D:7      | Reached skill level 7 in Shields
  4773 | D:7      | Reached ****** piety under Uskayaw
  4874 | D:7      | Reached skill level 5 in Armour
  4939 | D:7      | Reached XP level 10. HP: 53/53 MP: 11/11
  4963 | D:7      | Found a radiant altar of Vehumet.
  5096 | D:7      | Reached skill level 8 in Shields
  5467 | D:7      | You fall into a shaft and drop 2 floors!
  5485 | D:9      | Found an iron altar of Okawaru.
  5802 | D:8      | Found a runed translucent gate.
  5803 | D:8      | Found a runed translucent gate.
  5804 | D:8      | Found a runed translucent gate.
  5804 | D:8      | Noticed Neremis's ghost (novice GrFi)
  5808 | D:8      | Found a viscous altar of Jiyva.
  5964 | D:8      | Reached skill level 1 in Invocations
  6091 | D:8      | Noticed Joseph
  6107 | D:8      | Found a sacrificial altar of Ru.
  6112 | D:8      | Killed Joseph
  6606 | D:9      | Noticed a two-headed ogre
  6653 | D:8      | Killed a two-headed ogre
  6654 | D:8      | Reached skill level 9 in Shields
  6654 | D:8      | Reached XP level 11. HP: 6/58 MP: 1/14
  6654 | D:8      | Slain by a kobold brigand

Illustrated notes

Levels and vault maps discovered:
D:1:      minmay_arrival_checkered_box, layout_loops_ring,
          hellmonk_ecumenical_altar_arch_garden
D:2:      layout_basic, chequers_serial_rivers_micro_a, minmay_heptomino_d4
D:3:      layout_loops_ring, hangedman_decor_peaks_small, corexii_corridor_pit,
          uniq_terence
D:4:      layout_rooms, kennysheep_mini,
          mainiacjoe_overflow_concentric_impassable, serial_shops,
          nicolae_square_shop, uniq_grinder, uniq_crazy_yiuf_cottage
D:5:      layout_loops_ring, mainiacjoe_overflow_24_doors,
          minmay_temple_entry_overgrown, gammafunk_ghost_grave,
          grunt_ministairs_15, nicolae_shop_gadgets, uniq_ijyb
D:6:      layout_loops_ring, grunt_dithmenos_smoke_and_mirrors,
          serial_bayou_lake_a, uniq_sigmund
D:7:      minmay_spotlight, layout_basic, vehumet_altar_wand_db
D:8:      layout_loops_corners, mainiacjoe_overflow_small_starburst,
          gammafunk_ghost_ooze, uniq_joseph
D:9:      minmay_four_partial_circles, layout_rooms, kennysheep_mini_moat,
          okawaru_humans, zombieorc2_lemuel, serial_corexii_hall,
          chequers_hall_statues_corner_a, chequers_hall_statues_y
Temple:   eino_temple_water

Skill      XL: |  1  2  3  4  5  6  7  8  9 10 |
---------------+-------------------------------+-----
Short Blades   | 2 3 4 6 7 8 |  8.8
Shields        | 3 4 5 6 7 9 |  9.1
Fighting       | 3 4 5 6 |  6.5
Armour         | 3 4 5 6 |  6.0
Invocations    | 2 |  2.8

Action                   |  1- 3 |  4- 6 |  7- 9 | 10-12 || total
-------------------------+-------+-------+-------+-------++-------
Melee: Rapier            |    68 |   129 |   210 |   109 ||   516
       Bite              |    22 |    40 |    64 |    37 ||   163
  Use: Potion            |       |     1 |     1 |       ||     2
       Scroll            |       |     1 |     9 |     3 ||    13
 Stab: Paralysed         |       |       |     3 |    10 ||    13
Armor: Scale mail        |    27 |    26 |    63 |    48 ||   164
Dodge: Dodged            |    18 |    34 |    45 |    46 ||   143
Block: Kite shield       |    33 |    54 |    79 |    76 ||   242
